Avalanche vs Coyotes

Created - 12 février 2016 at 22:20

Goals
1 2 3 T
Avalanche 2 0 0 2
Coyotes 3 0 0 3
Shots
1 2 3 T
Avalanche 8 6 11 25
Coyotes 19 10 5 34

1st period

1. Coyotes , Drew Miller 10 (Nazem Kadri) at 1:47
2. Coyotes , Tim Connolly 22 (Denis Grebeshkov, Tyler Ennis) at 3:03 (PP)
3. Coyotes , Tyler Ennis 19 (Marian Gaborik, Denis Grebeshkov) at 5:49 (PP)
4. Avalanche , Mikkel Boedker 21 (Corey Perry, Randy Jones) at 9:22
5. Avalanche , Andrew Ladd 13 (Marc Staal) at 19:13 (SH)

Penalties :
Ryan Getzlaf (Col) for Slashing (Minor) at 2:49, Jack Johnson (Col) for Hooking (Minor) at 4:05, Max Pacioretty (Col) for Holding (Minor) at 7:07, Max Pacioretty (Col) for Holding (Minor) at 18:20

2nd period

No Goal

Penalties :
Georges Laraque (Ari) for Roughing (Minor) at 8:28

3rd period

No Goal

Penalties :
Anton Stralman (Ari) for High sticking (Minor) at 1:52, Anton Stralman (Ari) for Diving (Minor) at 13:23, Anton Stralman (Ari) for Hooking (Minor) at 16:37, Nazem Kadri (Ari) for Interference (Minor) at 18:52

Goalie Stats

Jimmy Howard (Col), 31 saves from 34 shots - (0,912), L, 16-16-5, 59:14 minutes
Ryan Miller (Ari), 23 saves from 25 shots - (0,920), W, 19-21-4, 60:00 minutes

Players Stats for Avalanche

Player Name              G  A  P  +/- PIM S  H  SB GA TA FO     MP     PP MP  PK MP  
------------------------------------------------------------------------------------
Andrew Ladd              1  0  1   1  0   2  1  1  1  0  1/1    16:03   0:15   1:55 
Brandon Yip              0  0  0  -1  0   1  1  0  1  0  1/2    11:09   0:07   0:00 
Bryan Little             0  0  0   0  0   0  4  0  0  0  7/14   18:05   4:29   0:08 
Chuck Kobasew            0  0  0   0  0   5  1  0  0  0  0/0    11:47   0:00   3:54 
Corey Perry              0  1  1   1  0   2  3  1  0  0  0/1    17:08   4:27   0:00 
Jack Johnson             0  0  0   0  2   1  0  1  0  0  0/0    24:49   4:50   3:04 
Jason Pominville         0  0  0   0  0   3  1  1  1  0  0/0    17:48   4:29   0:00 
Marc Staal               0  1  1   2  0   0  0  2  0  1  0/0    23:49   4:50   1:53 
Max Pacioretty           0  0  0  -1  4   0  0  0  0  0  1/1    11:19   0:00   0:00 
Michal Handzus           0  0  0   0  0   3  4  0  1  0  5/14   12:15   0:15   3:54 
Mike Comrie              0  0  0   0  0   0  1  0  1  0  2/7    12:43   0:00   1:54 
Mikkel Boedker           1  0  1   1  0   4  2  2  2  0  0/0    17:15   4:29   0:00 
Pernell Karl Subban      0  0  0  -1  0   0  2  0  0  0  0/0    16:34   4:13   0:00 
Randy Jones              0  1  1   2  0   0  0  1  0  0  0/0    17:37   0:00   1:53 
Ryan Getzlaf             0  0  0   1  2   2  1  0  0  0  9/21   17:05   4:19   0:00 
Ryan Smyth               0  0  0   0  0   1  0  0  0  1  1/1    11:24   4:19   0:07 
Sergei Gonchar           0  0  0   0  0   0  1  1  0  0  0/0    19:19   4:13   0:59 
Shane O'Brien            0  0  0  -1  0   1  2  2  0  1  0/0    17:51   0:00   4:03 

Players Stats for Coyotes

Player Name              G  A  P  +/- PIM S  H  SB GA TA FO     MP     PP MP  PK MP  
------------------------------------------------------------------------------------
Adrian Aucoin            0  0  0   1  0   1  0  0  0  1  0/0    16:13   0:00   3:35 
Anton Stralman           0  0  0  -1  6   0  2  1  0  1  0/0    21:03   1:50   2:09 
Chad Larose              0  0  0   0  0   1  0  0  0  0  0/0    15:00   0:00   4:34 
Denis Grebeshkov         0  2  2  -1  0   2  0  0  0  0  0/0    22:20   4:06   2:38 
Drew Miller              1  0  1   1  0   5  2  0  0  1  3/6    15:33   0:00   4:43 
Erik Christensen         0  0  0  -1  0   3  2  0  0  0  2/4     8:21   0:20   0:00 
Erik Cole                0  0  0   0  0   1  2  0  0  1  0/0    14:10   1:27   2:04 
Frans Nielsen            0  0  0   0  0   3  0  1  2  0  6/8    12:49   0:00   2:25 
Georges Laraque          0  0  0  -1  2   1  0  0  1  0  0/0     8:00   0:00   0:00 
Jan Hlavac               0  0  0  -1  0   2  1  0  0  0  0/0    10:27   0:00   2:25 
Marian Gaborik           0  1  1  -1  0   4  1  0  0  0  0/0    19:39   4:09   0:00 
Matt Taormina            0  0  0   0  0   1  3  3  0  2  0/0    20:27   1:50   5:38 
Nazem Kadri              0  1  1   1  2   2  2  0  0  0  11/16  14:44   1:47   1:55 
Sergei Shirokov          0  0  0   1  0   1  0  0  0  0  0/0    12:34   1:47   0:00 
T.J. Fast                0  0  0  -1  0   1  0  0  0  0  0/0    19:14   0:00   4:06 
Tim Connolly             1  0  1  -1  0   3  0  0  0  0  12/27  19:39   4:09   0:00 
Tyler Ennis              1  1  2  -1  0   2  1  2  0  0  1/1    19:39   4:09   0:00 
Wade Redden              0  0  0   0  0   1  1  1  0  1  0/0    21:00   4:06   0:00 

3 Stars

1 - Mikkel Boedker (Col)
2 - Drew Miller (Ari)
3 - Tyler Ennis (Ari)

Power Play

Avalanche - 0 on 5 Attempt(s) - 0,00%
Coyotes - 2 on 4 Attempt(s) - 50,00%

Penalty Kill

Avalanche - 2 on 4 Attempt(s) - 50,00% - Score 1 goal in Penalty Kill
Coyotes - 5 on 5 Attempt(s) - 100,00% - Score 0 goal in Penalty Kill

Team Stat

Avalanche - Hits : 24 - Faceoff Wins : 27 - Blocked Shots : 12 - Penalty Minutes : 8
Coyotes - Hits : 17 - Faceoff Wins : 35 - Blocked Shots : 8 - Penalty Minutes : 10

Official

Referees : StLaurent Francois and LaRue Dennis
Linesman : Brian Mach and Lyle Seitz

Game Notes

No Game Note

Finance

Level 1 -- Attendance: 4882 (81,37%) -- Ticket Income 439 380 $
Level 2 -- Attendance: 4532 (90,64%) -- Ticket Income 235 664 $
Level 3 -- Attendance: 1789 (89,45%) -- Ticket Income 57 248 $
Level 4 -- Attendance: 3500 (87,50%) -- Ticket Income 77 000 $
Luxury Box -- Attendance: 672 (67,20%) -- Ticket Income 124 320 $
Game was played at the The Pack Center.
Total Attendance: 15375 (85,42%)
Total Ticket Income: 933 612 $
Other Income: 140 042 $
Total Income: 1 073 654 $

Avalanche

5 vs 5 Forward 
   Center                   Left Wing                Right Wing               Time % Phy DF OF 
 1 Ryan Getzlaf             Mikkel Boedker           Corey Perry              30     1   2  2  
 2 Bryan Little             Andrew Ladd              Jason Pominville         30     1   2  2  
 3 Mike Comrie              Max Pacioretty           Brandon Yip              25     1   2  2  
 4 Michal Handzus           Ryan Smyth               Chuck Kobasew            15     1   2  2  

5 vs 5 Defense 
   Defense                  Defense                                           Time % Phy DF OF 
 1 Marc Staal               Jack Johnson                                      40     1   2  2  
 2 Shane O'Brien            Pernell Karl Subban                               30     1   2  2  
 3 Randy Jones              Sergei Gonchar                                    30     1   2  2  
 4 Marc Staal               Jack Johnson                                      0      1   2  2  

PowerPlay Forward 
   Center                   Left Wing                Right Wing               Time % Phy DF OF 
 1 Ryan Getzlaf             Ryan Smyth               Corey Perry              55     1   2  2  
 2 Bryan Little             Mikkel Boedker           Jason Pominville         45     1   2  2  

PowerPlay Defense
   Defense                  Defense                                           Time % Phy DF OF 
 1 Marc Staal               Jack Johnson                                      55     1   2  2  
 2 Sergei Gonchar           Pernell Karl Subban                               45     1   2  2  

Penalty Kill 4 Players Forward 
   Center                   Wing                     Time % Phy DF OF 
 1 Michal Handzus           Chuck Kobasew            60     1   2  2  
 2 Mike Comrie              Andrew Ladd              40     1   2  2  

Penalty Kill 4 Players Defense
   Defense                  Defense                  Time % Phy DF OF 
 1 Jack Johnson             Shane O'Brien            60     1   2  2  
 2 Randy Jones              Marc Staal               40     1   2  2  

Penalty Kill - 3 Players Forward 
   Forward                                           Time % Phy DF OF 
 1 Corey Perry                                       60     1   2  2  
 2 Ryan Smyth                                        40     1   2  2  

Penalty Kill - 3 Players Defense
   Defense                  Defense                  Time % Phy DF OF 
 1 Marc Staal               Jack Johnson             60     1   2  2  
 2 Shane O'Brien            Pernell Karl Subban      40     1   2  2  

4 vs 4 Forward 
   Center                   Wing                     Time % Phy DF OF 
 1 Corey Perry              Ryan Smyth               60     1   2  2  
 2 Mike Comrie              Bryan Little             40     1   2  2  

4 vs 4 Defense
   Defense                  Defense                  Time % Phy DF OF 
 1 Marc Staal               Jack Johnson             60     1   2  2  
 2 Shane O'Brien            Pernell Karl Subban      40     1   2  2  

Last Minutes Offensive
   Center                   Left Wing                Right Wing               Defense                  Defense                  
   Bryan Little             Ryan Smyth               Corey Perry              Marc Staal               Jack Johnson             

Last Minutes Defensive
   Center                   Left Wing                Right Wing               Defense                  Defense                  
   Mike Comrie              Ryan Smyth               Jason Pominville         Marc Staal               Jack Johnson             

Goaltenders
Starting : Jimmy Howard             
Backup : Semyon Varlamov          

Extra Forwards
Normal : Ryan Getzlaf, Michal Handzus, Chuck Kobasew - PP : Ryan Getzlaf, Michal Handzus - PK : Chuck Kobasew
Extra Defensemen
Normal : Randy Jones, Sergei Gonchar, Pernell Karl Subban - PP : Randy Jones - PK : Sergei Gonchar, Pernell Karl Subban
Penalty Shots
Corey Perry, Ryan Smyth, Mike Comrie, Bryan Little, Ryan Getzlaf

Coyotes

5 vs 5 Forward 
   Center                   Left Wing                Right Wing               Time % Phy DF OF 
 1 Tim Connolly             Tyler Ennis              Marian Gaborik           36     1   1  3  
 2 Nazem Kadri              Drew Miller              Sergei Shirokov          26     1   1  3  
 3 Frans Nielsen            Erik Cole                Chad Larose              24     1   2  2  
 4 Erik Christensen         Jan Hlavac               Georges Laraque          14     3   1  1  

5 vs 5 Defense 
   Defense                  Defense                                           Time % Phy DF OF 
 1 Wade Redden              Anton Stralman                                    40     1   2  2  
 2 Denis Grebeshkov         T.J. Fast                                         32     1   2  2  
 3 Adrian Aucoin            Matt Taormina                                     27     1   2  2  
 4 Anton Stralman           Denis Grebeshkov                                  1      1   3  1  

PowerPlay Forward 
   Center                   Left Wing                Right Wing               Time % Phy DF OF 
 1 Tim Connolly             Tyler Ennis              Marian Gaborik           60     0   0  5  
 2 Nazem Kadri              Erik Cole                Sergei Shirokov          40     0   0  5  

PowerPlay Defense
   Defense                  Defense                                           Time % Phy DF OF 
 1 Wade Redden              Denis Grebeshkov                                  60     0   0  5  
 2 Anton Stralman           Matt Taormina                                     40     0   0  5  

Penalty Kill 4 Players Forward 
   Center                   Wing                     Time % Phy DF OF 
 1 Drew Miller              Chad Larose              60     1   4  0  
 2 Frans Nielsen            Jan Hlavac               40     1   4  0  

Penalty Kill 4 Players Defense
   Defense                  Defense                  Time % Phy DF OF 
 1 Matt Taormina            Anton Stralman           60     1   4  0  
 2 Adrian Aucoin            T.J. Fast                40     1   4  0  

Penalty Kill - 3 Players Forward 
   Forward                                           Time % Phy DF OF 
 1 Drew Miller                                       60     0   5  0  
 2 Frans Nielsen                                     40     0   5  0  

Penalty Kill - 3 Players Defense
   Defense                  Defense                  Time % Phy DF OF 
 1 Denis Grebeshkov         Anton Stralman           60     0   5  0  
 2 Wade Redden              T.J. Fast                40     0   5  0  

4 vs 4 Forward 
   Center                   Wing                     Time % Phy DF OF 
 1 Tim Connolly             Marian Gaborik           56     1   1  3  
 2 Frans Nielsen            Drew Miller              44     1   3  1  

4 vs 4 Defense
   Defense                  Defense                  Time % Phy DF OF 
 1 Wade Redden              Anton Stralman           56     1   3  1  
 2 Denis Grebeshkov         T.J. Fast                44     1   3  1  

Last Minutes Offensive
   Center                   Left Wing                Right Wing               Defense                  Defense                  
   Tim Connolly             Tyler Ennis              Marian Gaborik           Denis Grebeshkov         Wade Redden              

Last Minutes Defensive
   Center                   Left Wing                Right Wing               Defense                  Defense                  
   Frans Nielsen            Drew Miller              Erik Cole                Denis Grebeshkov         Anton Stralman           

Goaltenders
Starting : Ryan Miller              
Backup : Marc Denis               

Extra Forwards
Normal : Marian Gaborik, Tyler Ennis, Sergei Shirokov - PP : Marian Gaborik, Erik Christensen - PK : Chad Larose
Extra Defensemen
Normal : Wade Redden, Denis Grebeshkov, Anton Stralman - PP : Wade Redden - PK : Anton Stralman, T.J. Fast
Penalty Shots
Tyler Ennis, Marian Gaborik, Tim Connolly, Jan Hlavac, Sergei Shirokov

% Time on Ice - Avalanche

Lines # - Real PCT - Wanted PCT - Time Play
Normal Forward
1 - 30% - 30% - 13:23
2 - 31% - 30% - 13:45
3 - 24% - 25% - 10:49
4 - 16% - 15% - 7:01
Normal Defense
1 - 38% - 40% - 16:56
2 - 34% - 30% - 15:13
3 - 29% - 30% - 12:49
4 - 0% - 0% - 0:00
PP Forward
1 - 50% - 55% - 4:34
2 - 50% - 45% - 4:29
PP Defense
1 - 53% - 55% - 4:50
2 - 47% - 45% - 4:13
PK Forward
1 - 68% - 60% - 4:02
2 - 32% - 40% - 1:54
PK Defense
1 - 68% - 60% - 4:03
2 - 32% - 40% - 1:53
PK3 Forward
1 - 0% - 60%
2 - 0% - 40%
PK3 Defense
1 - 0% - 60%
2 - 0% - 40%
44 Forward
1 - 0% - 60%
2 - 0% - 40%
44 Defense
1 - 0% - 60%
2 - 0% - 40%
Last Minute Offensive  - 0:03
Last Minute Defensive  - 0:00
Total
Forward - 60:00
Defense - 60:00

% Time on Ice - Coyotes

Lines # - Real PCT - Wanted PCT - Time Play
Normal Forward
1 - 35% - 36% - 15:49
2 - 24% - 26% - 10:48
3 - 23% - 24% - 10:23
4 - 18% - 14% - 8:01
Normal Defense
1 - 39% - 40% - 17:35
2 - 33% - 32% - 14:49
3 - 28% - 27% - 12:37
4 - 0% - 1% - 0:00
PP Forward
1 - 70% - 60% - 4:09
2 - 30% - 40% - 1:47
PP Defense
1 - 69% - 60% - 4:06
2 - 31% - 40% - 1:50
PK Forward
1 - 73% - 60% - 6:38
2 - 27% - 40% - 2:25
PK Defense
1 - 90% - 60% - 8:06
2 - 10% - 40% - 0:57
PK3 Forward
1 - 0% - 60%
2 - 0% - 40%
PK3 Defense
1 - 0% - 60%
2 - 0% - 40%
44 Forward
1 - 0% - 56%
2 - 0% - 44%
44 Defense
1 - 0% - 56%
2 - 0% - 44%
Last Minute Offensive  - 0:00
Last Minute Defensive  - 0:00
Total
Forward - 60:00
Defense - 60:00

Play by Play

1st period


0:01 of 1st period - Tim Connolly wins face-off versus Ryan Getzlaf in neutral zone.
0:14 of 1st period - Anton Stralman is hit by Corey Perry and loses puck.
0:25 of 1st period - Bryan Little is hit by Nazem Kadri and loses puck.
0:32 of 1st period - Anton Stralman is hit by Shane O'Brien and loses puck.
1:37 of 1st period - Snap shot by Tim Connolly.
1:37 of 1st period - Stopped by Jimmy Howard with a rebound.
1:41 of 1st period - Snap shot by Marian Gaborik.
1:41 of 1st period - Deflect By Tyler Ennis.
1:41 of 1st period - Shot Blocked by Jack Johnson.
1:41 of 1st period - Puck is out of play.
1:42 of 1st period - Nazem Kadri wins face-off versus Brandon Yip in Avalanche zone.
1:47 of 1st period - Snap shot by Drew Miller.
1:47 of 1st period - Deflect By Shane O'Brien.
1:47 of 1st period - Goal by Drew Miller - Avalanche : 0 - Coyotes : 1.
1:48 of 1st period - Frans Nielsen wins face-off versus Bryan Little in neutral zone.
2:14 of 1st period - Brandon Yip is hit by Matt Taormina and loses puck.
2:25 of 1st period - Slapshot by Tim Connolly.
2:25 of 1st period - Deflect By Marian Gaborik.
2:25 of 1st period - Shot Blocked by Shane O'Brien.
2:25 of 1st period - Puck is out of play.
2:26 of 1st period - Ryan Getzlaf wins face-off versus Nazem Kadri in Avalanche zone.
2:39 of 1st period - Snap shot by Nazem Kadri.
2:39 of 1st period - Stopped by Jimmy Howard with a rebound.
2:41 of 1st period - Slapshot by Wade Redden.
2:41 of 1st period - Shot Blocked by Marc Staal.
2:49 of 1st period - Minor Penalty to Ryan Getzlaf for Slashing.
2:50 of 1st period - Tim Connolly wins face-off versus Michal Handzus in Avalanche zone.
2:53 of 1st period - Snap shot by Marian Gaborik.
2:53 of 1st period - Stopped by Jimmy Howard without a rebound.
2:54 of 1st period - Tim Connolly wins face-off versus Michal Handzus in Avalanche zone.
3:01 of 1st period - Wrist shot by Tyler Ennis.
3:01 of 1st period - Shot Misses the Net.
3:03 of 1st period - Slapshot by Denis Grebeshkov.
3:03 of 1st period - Deflect By Tim Connolly.
3:03 of 1st period - Goal by Tim Connolly - Avalanche : 0 - Coyotes : 2.
3:04 of 1st period - Bryan Little wins face-off versus Tim Connolly in neutral zone.
3:36 of 1st period - Wrist shot by Marian Gaborik.
3:36 of 1st period - Stopped by Jimmy Howard with a rebound.
3:52 of 1st period - Snap shot by Ryan Smyth.
3:52 of 1st period - Stopped by Ryan Miller without a rebound.
3:53 of 1st period - Nazem Kadri wins face-off versus Michal Handzus in Coyotes zone.
3:53 of 1st period - Nazem Kadri is hit by Michal Handzus.
4:05 of 1st period - Minor Penalty to Jack Johnson for Hooking.
4:06 of 1st period - Tim Connolly wins face-off versus Michal Handzus in Avalanche zone.
4:10 of 1st period - Snap shot by Marian Gaborik.
4:10 of 1st period - Stopped by Jimmy Howard with a rebound.
4:12 of 1st period - Snap shot by Tyler Ennis.
4:12 of 1st period - Shot Misses the Net.
4:14 of 1st period - Slapshot by Denis Grebeshkov.
4:14 of 1st period - Stopped by Jimmy Howard without a rebound.
4:15 of 1st period - Michal Handzus wins face-off versus Tim Connolly in Avalanche zone.
5:43 of 1st period - Snap shot by Tim Connolly.
5:43 of 1st period - Shot Misses the Net.
5:49 of 1st period - Snap shot by Tyler Ennis.
5:49 of 1st period - Goal by Tyler Ennis - Avalanche : 0 - Coyotes : 3.
5:50 of 1st period - Frans Nielsen wins face-off versus Ryan Getzlaf in neutral zone.
6:17 of 1st period - Jan Hlavac is hit by Jason Pominville and loses puck.
6:22 of 1st period - Slapshot by Jack Johnson.
6:22 of 1st period - Shot Blocked by Matt Taormina.
6:24 of 1st period - Slapshot by Marc Staal.
6:24 of 1st period - Deflect By Andrew Ladd.
6:24 of 1st period - Shot Misses the Net.
6:24 of 1st period - Puck is out of play.
6:25 of 1st period - Nazem Kadri wins face-off versus Bryan Little in Coyotes zone.
6:25 of 1st period - Nazem Kadri is hit by Bryan Little.
6:51 of 1st period - Wade Redden is hit by Corey Perry and loses puck.
7:00 of 1st period - Wrist shot by Drew Miller.
7:00 of 1st period - Deflect By Ryan Getzlaf.
7:00 of 1st period - Stopped by Jimmy Howard without a rebound.
7:01 of 1st period - Frans Nielsen wins face-off versus Mike Comrie in Avalanche zone.
7:07 of 1st period - Minor Penalty to Max Pacioretty for Holding.
7:08 of 1st period - Nazem Kadri wins face-off versus Michal Handzus in Avalanche zone.
7:54 of 1st period - Marian Gaborik is hit by Andrew Ladd and loses puck.
9:07 of 1st period - Penalty to Max Pacioretty is over, Max Pacioretty is back on ice.
9:22 of 1st period - Snap shot by Mikkel Boedker.
9:22 of 1st period - Goal by Mikkel Boedker - Avalanche : 1 - Coyotes : 3.
9:23 of 1st period - Mike Comrie wins face-off versus Erik Christensen in neutral zone.
9:30 of 1st period - Snap shot by Brandon Yip.
9:30 of 1st period - Shot Misses the Net.
11:20 of 1st period - Snap shot by Jason Pominville.
11:20 of 1st period - Shot Misses the Net.
11:48 of 1st period - Slapshot by Drew Miller.
11:48 of 1st period - Stopped by Jimmy Howard with a rebound.
11:50 of 1st period - Slapshot by Denis Grebeshkov.
11:50 of 1st period - Stopped by Jimmy Howard with a rebound.
11:54 of 1st period - Wrist shot by Nazem Kadri.
11:54 of 1st period - Stopped by Jimmy Howard without a rebound.
11:55 of 1st period - Ryan Getzlaf wins face-off versus Tim Connolly in Avalanche zone.
12:10 of 1st period - Wrist shot by Mikkel Boedker.
12:10 of 1st period - Shot Misses the Net.
12:53 of 1st period - Snap shot by Michal Handzus.
12:53 of 1st period - Shot Misses the Net.
12:55 of 1st period - Wrist shot by Chuck Kobasew.
12:55 of 1st period - Stopped by Ryan Miller without a rebound.
12:56 of 1st period - Ryan Getzlaf wins face-off versus Tim Connolly in Coyotes zone.
13:04 of 1st period - Icing by Marian Gaborik.
13:05 of 1st period - Ryan Getzlaf wins face-off versus Tim Connolly in Coyotes zone.
13:10 of 1st period - Snap shot by Mikkel Boedker.
13:10 of 1st period - Stopped by Ryan Miller without a rebound.
13:11 of 1st period - Bryan Little wins face-off versus Tim Connolly in Coyotes zone.
13:24 of 1st period - Marc Staal is hit by Wade Redden and loses puck.
14:19 of 1st period - Icing by Jack Johnson.
14:20 of 1st period - Ryan Getzlaf wins face-off versus Tim Connolly in Avalanche zone.
16:10 of 1st period - Snap shot by Sergei Shirokov.
16:10 of 1st period - Stopped by Jimmy Howard with a rebound.
16:12 of 1st period - Slapshot by Matt Taormina.
16:12 of 1st period - Stopped by Jimmy Howard with a rebound.
16:14 of 1st period - Slapshot by Adrian Aucoin.
16:14 of 1st period - Deflect By Mikkel Boedker.
16:14 of 1st period - Stopped by Jimmy Howard without a rebound.
16:15 of 1st period - Tim Connolly wins face-off versus Ryan Getzlaf in Avalanche zone.
16:26 of 1st period - Slapshot by Corey Perry.
16:26 of 1st period - Stopped by Ryan Miller without a rebound.
16:27 of 1st period - Tim Connolly wins face-off versus Bryan Little in Coyotes zone.
16:36 of 1st period - Wrist shot by Marian Gaborik.
16:36 of 1st period - Stopped by Jimmy Howard with a rebound.
16:38 of 1st period - Slapshot by Wade Redden.
16:38 of 1st period - Shot Misses the Net.
16:53 of 1st period - Frans Nielsen is hit by Shane O'Brien and loses puck.
16:58 of 1st period - Snap shot by Mikkel Boedker.
16:58 of 1st period - Stopped by Ryan Miller without a rebound.
16:59 of 1st period - Ryan Getzlaf wins face-off versus Frans Nielsen in Coyotes zone.
17:08 of 1st period - Slapshot by Corey Perry.
17:08 of 1st period - Stopped by Ryan Miller without a rebound.
17:09 of 1st period - Brandon Yip wins face-off versus Frans Nielsen in Coyotes zone.
18:03 of 1st period - Snap shot by Frans Nielsen.
18:03 of 1st period - Stopped by Jimmy Howard with a rebound.
18:05 of 1st period - Wrist shot by Frans Nielsen.
18:05 of 1st period - Stopped by Jimmy Howard with a rebound.
18:07 of 1st period - Slapshot by Chad Larose.
18:07 of 1st period - Shot Misses the Net.
18:20 of 1st period - Minor Penalty to Max Pacioretty for Holding.
18:21 of 1st period - Tyler Ennis wins face-off versus Michal Handzus in Avalanche zone.
19:07 of 1st period - Off-side.
19:08 of 1st period - Andrew Ladd wins face-off versus Tim Connolly in neutral zone.
19:13 of 1st period - Snap shot by Andrew Ladd.
19:13 of 1st period - Goal by Andrew Ladd - Avalanche : 2 - Coyotes : 3.
19:14 of 1st period - Tim Connolly wins face-off versus Michal Handzus in neutral zone.
19:29 of 1st period - Wrist shot by Marian Gaborik.
19:29 of 1st period - Shot Misses the Net.
19:47 of 1st period - Slapshot by Wade Redden.
19:47 of 1st period - Deflect By Erik Cole.
19:47 of 1st period - Shot Misses the Net.
19:47 of 1st period - Puck is out of play.
19:48 of 1st period - Nazem Kadri wins face-off versus Mike Comrie in Avalanche zone.
19:57 of 1st period - Snap shot by Sergei Shirokov.
19:57 of 1st period - Shot Misses the Net.
Goals for this period are 2 for Avalanche vs 3 for Coyotes.
Shots for this period are 8 for Avalanche vs 19 for Coyotes.

2nd period


0:01 of 2nd period - Michal Handzus wins face-off versus Tim Connolly in neutral zone.
0:04 of 2nd period - Snap shot by Shane O'Brien.
0:04 of 2nd period - Stopped by Ryan Miller with a rebound.
0:20 of 2nd period - Penalty to Max Pacioretty is over, Max Pacioretty is back on ice.
0:54 of 2nd period - Icing by Sergei Gonchar.
0:55 of 2nd period - Bryan Little wins face-off versus Tim Connolly in Avalanche zone.
1:20 of 2nd period - Wrist shot by Jason Pominville.
1:20 of 2nd period - Shot Misses the Net.
1:22 of 2nd period - Slapshot by Randy Jones.
1:22 of 2nd period - Shot Misses the Net.
1:32 of 2nd period - Wrist shot by Andrew Ladd.
1:32 of 2nd period - Stopped by Ryan Miller with a rebound.
1:34 of 2nd period - Snap shot by Bryan Little.
1:34 of 2nd period - Shot Misses the Net.
1:36 of 2nd period - Snap shot by Andrew Ladd.
1:36 of 2nd period - Shot Misses the Net.
1:38 of 2nd period - Wrist shot by Jason Pominville.
1:38 of 2nd period - Shot Misses the Net.
1:40 of 2nd period - Snap shot by Jason Pominville.
1:40 of 2nd period - Stopped by Ryan Miller with a rebound.
1:42 of 2nd period - Wrist shot by Jason Pominville.
1:42 of 2nd period - Stopped by Ryan Miller without a rebound.
1:43 of 2nd period - Nazem Kadri wins face-off versus Ryan Getzlaf in Coyotes zone.
2:37 of 2nd period - Snap shot by Brandon Yip.
2:37 of 2nd period - Shot Hit the Post.
3:21 of 2nd period - Wrist shot by Tyler Ennis.
3:21 of 2nd period - Stopped by Jimmy Howard with a rebound.
3:39 of 2nd period - Matt Taormina is hit by Pernell Karl Subban and loses puck.
3:59 of 2nd period - Shane O'Brien is hit by Anton Stralman and loses puck.
4:50 of 2nd period - Denis Grebeshkov is hit by Ryan Getzlaf and loses puck.
4:59 of 2nd period - Wrist shot by Mikkel Boedker.
4:59 of 2nd period - Shot Blocked by Tyler Ennis.
5:01 of 2nd period - Snap shot by Ryan Getzlaf.
5:01 of 2nd period - Deflect By Tim Connolly.
5:01 of 2nd period - Stopped by Ryan Miller with a rebound.
5:54 of 2nd period - Snap shot by Erik Christensen.
5:54 of 2nd period - Stopped by Jimmy Howard without a rebound.
5:55 of 2nd period - Erik Christensen wins face-off versus Ryan Getzlaf in Avalanche zone.
6:08 of 2nd period - Wrist shot by Erik Christensen.
6:08 of 2nd period - Stopped by Jimmy Howard with a rebound.
6:10 of 2nd period - Slapshot by Anton Stralman.
6:10 of 2nd period - Shot Misses the Net.
6:12 of 2nd period - Wrist shot by Jan Hlavac.
6:12 of 2nd period - Stopped by Jimmy Howard with a rebound.
6:14 of 2nd period - Slapshot by Wade Redden.
6:14 of 2nd period - Stopped by Jimmy Howard with a rebound.
6:18 of 2nd period - Snap shot by Erik Christensen.
6:18 of 2nd period - Shot Misses the Net.
6:20 of 2nd period - Snap shot by Jan Hlavac.
6:20 of 2nd period - Shot Misses the Net.
6:22 of 2nd period - Snap shot by Erik Christensen.
6:22 of 2nd period - Shot Blocked by Sergei Gonchar.
6:28 of 2nd period - Snap shot by Georges Laraque.
6:28 of 2nd period - Shot Misses the Net.
6:30 of 2nd period - Wrist shot by Jan Hlavac.
6:30 of 2nd period - Stopped by Jimmy Howard with a rebound.
6:32 of 2nd period - Slapshot by Matt Taormina.
6:32 of 2nd period - Shot Blocked by Randy Jones.
6:34 of 2nd period - Wrist shot by Georges Laraque.
6:34 of 2nd period - Stopped by Jimmy Howard without a rebound.
6:35 of 2nd period - Tim Connolly wins face-off versus Bryan Little in Avalanche zone.
7:04 of 2nd period - Snap shot by Michal Handzus.
7:04 of 2nd period - Stopped by Ryan Miller without a rebound.
7:05 of 2nd period - Michal Handzus wins face-off versus Nazem Kadri in Coyotes zone.
8:28 of 2nd period - Minor Penalty to Georges Laraque for Roughing.
8:29 of 2nd period - Ryan Getzlaf wins face-off versus Drew Miller in Coyotes zone.
10:11 of 2nd period - Jason Pominville is hit by Nazem Kadri and loses puck.
10:28 of 2nd period - Penalty to Georges Laraque is over, Georges Laraque is back on ice.
10:52 of 2nd period - Icing by Shane O'Brien.
10:53 of 2nd period - Erik Christensen wins face-off versus Mike Comrie in Avalanche zone.
11:04 of 2nd period - Slapshot by Erik Christensen.
11:04 of 2nd period - Shot Blocked by Shane O'Brien.
11:16 of 2nd period - Icing by Brandon Yip.
11:17 of 2nd period - Max Pacioretty wins face-off versus Tim Connolly in Avalanche zone.
11:42 of 2nd period - Bryan Little is hit by Matt Taormina and loses puck.
12:03 of 2nd period - Denis Grebeshkov is hit by Chuck Kobasew and loses puck.
12:10 of 2nd period - Sergei Gonchar is hit by Erik Cole and loses puck.
12:23 of 2nd period - Sergei Gonchar is hit by Erik Christensen and loses puck.
12:30 of 2nd period - Wrist shot by Erik Christensen.
12:30 of 2nd period - Stopped by Jimmy Howard without a rebound.
12:31 of 2nd period - Bryan Little wins face-off versus Tim Connolly in Avalanche zone.
13:44 of 2nd period - Slapshot by Tim Connolly.
13:44 of 2nd period - Shot Misses the Net.
14:04 of 2nd period - Denis Grebeshkov is hit by Bryan Little and loses puck.
15:12 of 2nd period - Marc Staal is hit by Marian Gaborik and loses puck.
15:23 of 2nd period - Backhand shot by Tim Connolly.
15:23 of 2nd period - Shot Blocked by Andrew Ladd.
15:25 of 2nd period - Snap shot by Tim Connolly.
15:25 of 2nd period - Stopped by Jimmy Howard without a rebound.
15:26 of 2nd period - Nazem Kadri wins face-off versus Ryan Getzlaf in Avalanche zone.
15:29 of 2nd period - Snap shot by Sergei Shirokov.
15:29 of 2nd period - Deflect By Drew Miller.
15:29 of 2nd period - Stopped by Jimmy Howard with a rebound.
15:52 of 2nd period - Wade Redden is hit by Pernell Karl Subban and loses puck.
16:21 of 2nd period - Wrist shot by Ryan Smyth.
16:21 of 2nd period - Shot Misses the Net.
16:56 of 2nd period - Max Pacioretty is hit by Anton Stralman and loses puck.
18:01 of 2nd period - Mike Comrie is hit by Drew Miller and loses puck.
18:51 of 2nd period - Icing by Mikkel Boedker.
18:52 of 2nd period - Michal Handzus wins face-off versus Nazem Kadri in Avalanche zone.
19:08 of 2nd period - Pernell Karl Subban is hit by Jan Hlavac and loses puck.
19:35 of 2nd period - Mikkel Boedker is hit by Erik Cole and loses puck.
Goals for this period are 0 for Avalanche vs 0 for Coyotes.
Shots for this period are 6 for Avalanche vs 10 for Coyotes.

3rd period


0:01 of 3rd period - Tim Connolly wins face-off versus Ryan Getzlaf in neutral zone.
0:30 of 3rd period - Off-side.
0:31 of 3rd period - Nazem Kadri wins face-off versus Mike Comrie in neutral zone.
0:57 of 3rd period - Tim Connolly is hit by Mikkel Boedker and loses puck.
1:26 of 3rd period - Wrist shot by Chuck Kobasew.
1:26 of 3rd period - Stopped by Ryan Miller without a rebound.
1:27 of 3rd period - Frans Nielsen wins face-off versus Michal Handzus in Coyotes zone.
1:27 of 3rd period - Frans Nielsen is hit by Michal Handzus.
1:47 of 3rd period - Wrist shot by Michal Handzus.
1:47 of 3rd period - Stopped by Ryan Miller without a rebound.
1:48 of 3rd period - Ryan Getzlaf wins face-off versus Tim Connolly in Coyotes zone.
1:49 of 3rd period - Wrist shot by Mikkel Boedker.
1:49 of 3rd period - Stopped by Ryan Miller without a rebound.
1:50 of 3rd period - Tim Connolly wins face-off versus Ryan Getzlaf in Coyotes zone.
1:52 of 3rd period - Minor Penalty to Anton Stralman for High sticking.
1:53 of 3rd period - Drew Miller wins face-off versus Ryan Getzlaf in Coyotes zone.
2:03 of 3rd period - T.J. Fast is hit by Corey Perry and loses puck.
2:30 of 3rd period - Snap shot by Mikkel Boedker.
2:30 of 3rd period - Shot Misses the Net.
3:00 of 3rd period - Drew Miller is hit by Mikkel Boedker and loses puck.
3:52 of 3rd period - Penalty to Anton Stralman is over, Anton Stralman is back on ice.
4:47 of 3rd period - Tyler Ennis is hit by Michal Handzus and loses puck.
5:26 of 3rd period - Icing by Denis Grebeshkov.
5:27 of 3rd period - Bryan Little wins face-off versus Erik Christensen in Coyotes zone.
5:32 of 3rd period - Snap shot by Ryan Getzlaf.
5:32 of 3rd period - Stopped by Ryan Miller without a rebound.
5:33 of 3rd period - Tim Connolly wins face-off versus Corey Perry in Coyotes zone.
6:06 of 3rd period - Slapshot by Adrian Aucoin.
6:06 of 3rd period - Shot Blocked by Jason Pominville.
6:15 of 3rd period - Icing by Bryan Little.
6:16 of 3rd period - Bryan Little wins face-off versus Tim Connolly in Avalanche zone.
6:52 of 3rd period - Wrist shot by Shane O'Brien.
6:52 of 3rd period - Shot Blocked by Wade Redden.
6:58 of 3rd period - Bryan Little is hit by Tyler Ennis and loses puck.
7:17 of 3rd period - Backhand shot by Bryan Little.
7:17 of 3rd period - Shot Misses the Net.
7:48 of 3rd period - Icing by Randy Jones.
7:49 of 3rd period - Frans Nielsen wins face-off versus Bryan Little in Avalanche zone.
7:50 of 3rd period - Wrist shot by Erik Cole.
7:50 of 3rd period - Stopped by Jimmy Howard with a rebound.
7:58 of 3rd period - Wrist shot by Chad Larose.
7:58 of 3rd period - Stopped by Jimmy Howard without a rebound.
7:59 of 3rd period - Frans Nielsen wins face-off versus Ryan Getzlaf in Avalanche zone.
8:00 of 3rd period - Wrist shot by Erik Cole.
8:00 of 3rd period - Shot Misses the Net.
8:02 of 3rd period - Slapshot by T.J. Fast.
8:02 of 3rd period - Stopped by Jimmy Howard with a rebound.
8:04 of 3rd period - Snap shot by Chad Larose.
8:04 of 3rd period - Shot Misses the Net.
9:19 of 3rd period - Slapshot by Frans Nielsen.
9:19 of 3rd period - Shot Blocked by Marc Staal.
9:21 of 3rd period - Slapshot by Denis Grebeshkov.
9:21 of 3rd period - Shot Blocked by Mikkel Boedker.
9:23 of 3rd period - Snap shot by Chad Larose.
9:23 of 3rd period - Shot Blocked by Corey Perry.
9:25 of 3rd period - Slapshot by Chad Larose.
9:25 of 3rd period - Shot Misses the Net.
9:37 of 3rd period - Wrist shot by Chad Larose.
9:37 of 3rd period - Deflect By Frans Nielsen.
9:37 of 3rd period - Stopped by Jimmy Howard with a rebound.
9:48 of 3rd period - Icing by Marc Staal.
9:49 of 3rd period - Nazem Kadri wins face-off versus Ryan Getzlaf in Avalanche zone.
9:52 of 3rd period - Wrist shot by Drew Miller.
9:52 of 3rd period - Shot Blocked by Mikkel Boedker.
9:58 of 3rd period - Backhand shot by Drew Miller.
9:58 of 3rd period - Stopped by Jimmy Howard with a rebound.
10:21 of 3rd period - Sergei Gonchar is hit by Erik Christensen and loses puck.
10:37 of 3rd period - Off-side.
10:38 of 3rd period - Mike Comrie wins face-off versus Tim Connolly in neutral zone.
10:51 of 3rd period - Wrist shot by Brandon Yip.
10:51 of 3rd period - Shot Blocked by Matt Taormina.
11:11 of 3rd period - Wrist shot by Michal Handzus.
11:11 of 3rd period - Stopped by Ryan Miller with a rebound.
11:13 of 3rd period - Wrist shot by Ryan Smyth.
11:13 of 3rd period - Shot Blocked by Tyler Ennis.
12:14 of 3rd period - Wrist shot by Jason Pominville.
12:14 of 3rd period - Stopped by Ryan Miller without a rebound.
12:15 of 3rd period - Nazem Kadri wins face-off versus Bryan Little in Coyotes zone.
12:45 of 3rd period - Tyler Ennis is hit by Mike Comrie and loses puck.
13:02 of 3rd period - Snap shot by Ryan Smyth.
13:02 of 3rd period - Shot Misses the Net.
13:06 of 3rd period - Wrist shot by Chuck Kobasew.
13:06 of 3rd period - Stopped by Ryan Miller without a rebound.
13:07 of 3rd period - Ryan Smyth wins face-off versus Nazem Kadri in Coyotes zone.
13:16 of 3rd period - Snap shot by Chuck Kobasew.
13:16 of 3rd period - Stopped by Ryan Miller with a rebound.
13:18 of 3rd period - Wrist shot by Chuck Kobasew.
13:18 of 3rd period - Stopped by Ryan Miller with a rebound.
13:20 of 3rd period - Slapshot by Jack Johnson.
13:20 of 3rd period - Deflect By Sergei Shirokov.
13:20 of 3rd period - Stopped by Ryan Miller without a rebound.
13:21 of 3rd period - Nazem Kadri wins face-off versus Mike Comrie in Coyotes zone.
13:23 of 3rd period - Minor Penalty to Anton Stralman for Diving.
13:24 of 3rd period - Drew Miller wins face-off versus Ryan Getzlaf in Coyotes zone.
13:34 of 3rd period - Wrist shot by Drew Miller.
13:34 of 3rd period - Shot Misses the Net.
13:56 of 3rd period - Slapshot by Jack Johnson.
13:56 of 3rd period - Shot Blocked by Frans Nielsen.
15:23 of 3rd period - Penalty to Anton Stralman is over, Anton Stralman is back on ice.
15:56 of 3rd period - Off-side.
15:57 of 3rd period - Michal Handzus wins face-off versus Nazem Kadri in neutral zone.
16:02 of 3rd period - Wrist shot by Michal Handzus.
16:02 of 3rd period - Shot Blocked by Matt Taormina.
16:20 of 3rd period - Erik Cole is hit by Sergei Gonchar and loses puck.
16:29 of 3rd period - Wrist shot by Brandon Yip.
16:29 of 3rd period - Shot Misses the Net.
16:33 of 3rd period - Snap shot by Brandon Yip.
16:33 of 3rd period - Stopped by Ryan Miller without a rebound.
16:34 of 3rd period - Tim Connolly wins face-off versus Michal Handzus in Coyotes zone.
16:34 of 3rd period - Tim Connolly is hit by Michal Handzus.
16:37 of 3rd period - Minor Penalty to Anton Stralman for Hooking.
16:38 of 3rd period - Ryan Getzlaf wins face-off versus Drew Miller in Coyotes zone.
16:54 of 3rd period - Slapshot by Marc Staal.
16:54 of 3rd period - Shot Misses the Net.
17:30 of 3rd period - Drew Miller is hit by Bryan Little and loses puck.
18:37 of 3rd period - Penalty to Anton Stralman is over, Anton Stralman is back on ice.
18:41 of 3rd period - Nazem Kadri is hit by Brandon Yip and loses puck.
18:46 of 3rd period - Avalanche, Jimmy Howard is pulled from the net.
18:52 of 3rd period - Minor Penalty to Nazem Kadri for Interference.
18:53 of 3rd period - Drew Miller wins face-off versus Bryan Little in Coyotes zone.
18:53 of 3rd period - Drew Miller is hit by Bryan Little.
19:00 of 3rd period - Icing by Sergei Gonchar.
19:01 of 3rd period - Jimmy Howard from Avalanche was sent back in the game.
19:01 of 3rd period - Bryan Little wins face-off versus Drew Miller in Avalanche zone.
19:01 of 3rd period - Bryan Little is hit by Drew Miller.
19:15 of 3rd period - Bryan Little is hit by Matt Taormina.
19:29 of 3rd period - Avalanche, Jimmy Howard is pulled from the net.
19:37 of 3rd period - Backhand shot by Ryan Getzlaf.
19:37 of 3rd period - Shot Blocked by Anton Stralman.
Goals for this period are 0 for Avalanche vs 0 for Coyotes.
Shots for this period are 11 for Avalanche vs 5 for Coyotes.